 Dungeon Crawl Stone Soup version 0.30-a0-393-g54b8e3be05 (webtiles) character file.

Game seed: 6506708575485178380

91 Emberiza the Cudgeller (level 4, -3/39 HPs)
             Began as a Minotaur Berserker on Dec 5, 2022.
             Was a Believer of Trog.
             Killed from afar by an orc wizard (8 damage)
             ... with a puff of flame
             ... on level 3 of the Dungeon.
             The game lasted 00:06:31 (1379 turns).

Emberiza the Cudgeller (Minotaur Berserker)         Turns: 1379, Time: 00:06:33

Health: -3/39      AC:  6    Str: 24    XL:     4   Next: 34%
Magic:  0/3        EV: 10    Int:  4    God:    Trog [**....]
Gold:   75         SH:  0    Dex:  9    Spells: 3/3 levels left

rFire   . . .      SeeInvis .    a - +0 mace
rCold   . . .      Faith    .    (no shield)
rNeg    . . .      Spirit   +    c - +0 scale mail
rPois   .          Reflect  .    (helmet restricted)
rElec   .          Harm     .    (no cloak)
rCorr   .          Rampage  .    (no gloves)
Will    .....                    (no boots)
Stlth   ..........               f - amulet of guardian spirit
HPRegen 0.26/turn                (no ring)
MPRegen 0.08/turn                (no ring)

@: confused, on berserk cooldown, slowed, very slow
A: horns 2, retaliatory headbutt
a: Renounce Religion, Berserk, Trog's Hand


You were on level 3 of the Dungeon.
You worshipped Trog.
Trog was pleased with you.
You visited 1 branch of the dungeon, and saw 3 of its levels.

You collected 75 gold pieces.

Inventory:

Hand Weapons
 a - a +0 mace (weapon)
Missiles
 j - 2 poisoned darts (quivered)
Armour
 b - a +0 animal skin
 c - a +0 scale mail (worn)
 d - a +1 ring mail
Jewellery
 f - an amulet of guardian spirit (around neck)
Scrolls
 e - a scroll of fear
 g - 2 scrolls of vulnerability
 k - a scroll of butterflies
 m - a scroll of identify
Potions
 h - a potion of curing
 i - a potion of mutation {unknown}
 l - a potion of magic {unknown}


   Skills:
 - Level 3.6 Fighting
 * Level 6.3 Maces & Flails
 - Level 2.4 Armour
 - Level 2.1 Dodging


You had 3 spell levels left.
You didn't know any spells.
Your spell library was empty.

Dungeon Overview and Level Annotations

Branches:
Dungeon (3/15)

Altars:


Innate Abilities, Weirdness & Mutations

You have a pair of horns on your head.
You reflexively headbutt those who attack you in melee.


Message History

a +0 dagger; a +0 club You feel a strong urge to attack something.
You sock something! Something hits you.
* * * LOW HITPOINT WARNING * * *
You barely miss something. Your headbutt misses something. Something hits you.
* * * LOW HITPOINT WARNING * * *
You completely miss something. Your headbutt misses something.
You closely miss something.
You are no longer berserk.
You are exhausted.
You feel yourself slow down.
You hear some strange, mumbled words.
You are confused.
You barely miss something. Your headbutt misses something.
Something hits you but does no damage. Something hits you.
* * * LOW HITPOINT WARNING * * *
You bump into the rock wall.
You hear some strange, mumbled words.
You are more confused.
You bump into the rock wall.
Something hits you. Something hits you but does no damage.
Something hits you but does no damage.
You see here a giant cockroach corpse.
You closely miss something. Something hits you but does no damage.
You hear some strange, mumbled words.
A puff of flame appears from out of thin air!
The puff of flame hits you.
* * * LOW HITPOINT WARNING * * *
Something hits you but does no damage.
Something hits you but does no damage. x2
You miss something.
You feel less confused.
You hear some strange, mumbled words.
You are confused.
Something hits you but does no damage.
You completely miss something. Something hits you but does no damage.
You hear some strange, mumbled words.
A puff of flame appears from out of thin air!
The puff of flame hits you!
You die...

##..
##..######.
........#..
.$.......
#...../# .
#####......#
..#..........##
........@.....#
.....#.{†.....#
... #.........#
. #)#)#####...
#..)# #.
###..## #....#
#.#..# #.#..#


There were no monsters in sight!

Vanquished Creatures
  2 adders (D:2)
  4 worms (D:3)
  4 dart slugs (D:1)
  4 orcs (D:3)
  A bat (D:1)
  6 endoplasms
  3 giant cockroaches
  3 goblins
  2 hobgoblins
  3 jackals (D:2)
  6 kobolds
  3 ball pythons
  3 frilled lizards
  4 rats
48 creatures vanquished.

Notes
Turn   | Place    | Note
-------+----------+-------------------------------------------
     0 | D:1      | Emberiza the Minotaur Berserker began the quest for the
                  | Orb.
     0 | D:1      | Reached XP level 1. HP: 19/19 MP: 0/0
    88 | D:1      | You fall into a shaft and drop 1 floor!
   204 | D:1      | Reached skill level 4 in Maces & Flails
   289 | D:1      | Reached XP level 2. HP: 26/26 MP: 1/1
   668 | D:1      | Reached skill level 5 in Maces & Flails
   677 | D:1      | Reached XP level 3. HP: 26/31 MP: 2/2
   705 | D:1      | Reached ** piety under Trog
  1124 | D:2      | Found a faded altar of an unknown god.
  1264 | D:3      | Reached XP level 4. HP: 39/39 MP: 3/3
  1270 | D:3      | Reached skill level 6 in Maces & Flails
  1379 | D:3      | Killed from afar by an orc wizard

Illustrated notes

Levels and vault maps discovered:
D:1:      scummos_arrival_hexagon, layout_loops_ring, nicolae_hexahallways
D:2:      layout_rooms, chequers_ecumenical_altar_island
D:3:      layout_rooms, uniq_robin

Skill      XL: |  1  2  3  4 |
---------------+-------------+-----
Maces & Flails | 4 5 6 |  6.3
Fighting       | |  3.6
Armour         | |  2.4
Dodging        | |  2.1

Action                   |  1- 3 |  4- 6 || total
-------------------------+-------+-------++-------
Melee: Mace              |    90 |    41 ||   131
       Headbutt          |    11 |     6 ||    17
       Punch             |       |     1 ||     1
Invok: Berserk           |       |     1 ||     1
       Trog's Hand       |       |     1 ||     1
  Use: Scroll            |     7 |       ||     7
Armor: Ring mail         |    28 |     1 ||    29
       Animal skin       |     2 |       ||     2
       Scale mail        |       |    21 ||    21
Dodge: Dodged            |    60 |    12 ||    72

Table legend: (Time is in decaauts)
 A = Elapsed time spent in this place.
 B = Non-inter-level travel time spent in this place.
 C = Inter-level travel time spent in this place.
 D = Time resting spent in this place.
 E = Time spent auto-exploring this place.
 F = Levels seen in this place.
 G = Mean time per level.
                   A        B        C        D        E       F      G
               +--------+--------+--------+--------+--------+-----+--------+
         Total |   1401 |   1358 |     43 |     16 |    919 |   3 |  467.0 |
       Dungeon |   1401 |   1358 |     43 |     16 |    919 |   3 |  467.0 |
               +--------+--------+--------+--------+--------+-----+--------+

Top non-repeatable levels by time:
     D:1: 856 daAuts
     D:2: 418 daAuts
     D:3: 126 daAuts
